 Dungeon Crawl Stone Soup version 0.29.1-15-g9cfb28693d (webtiles) character file.

Game seed: 537719650178402856

86 promet the Sneak (level 4, -1/24 HPs)
             Began as a Deep Elf Wanderer on Mar 21, 2023.
             Was an Initiate of Ashenzari.
             Slain by Grinder (6 damage)
             ... on level 4 of the Dungeon on Mar 22, 2023.
             The game lasted 00:18:33 (4770 turns).

promet the Sneak (Deep Elf Wanderer)                Turns: 4770, Time: 00:18:33

Health: -1/24      AC: 10    Str: 10    XL:     4   Next: 27%
Magic:  2/9        EV: 11    Int: 18    God:    Ashenzari [......]
Gold:   230        SH:  0    Dex: 17    Spells: 6/7 levels left

rFire   . . .      SeeInvis +   a - +3 falchion
rCold   . . .      Faith    .   (no shield)
rNeg    . . .      Spirit   .   w - +3 leather armour of Life {rPois Dex+3 SInv}
rPois   +          Reflect  .   (no helmet)
rElec   .          Harm     .   (no cloak)
rCorr   .          Rampage  .   (no gloves)
Will    .....                   (no boots)
Stlth   +++.......              (no amulet)
HPRegen 0.08/turn               u - +4 ring of protection
MPRegen 0.11/turn               (no ring)

@: mighty
A: no striking features
a: Renounce Religion


You were on level 4 of the Dungeon.
You worshipped Ashenzari.
Ashenzari was noncommittal.
You visited 1 branch of the dungeon, and saw 4 of its levels.

You collected 230 gold pieces.

Inventory:

Hand Weapons
 a - a +3 falchion (weapon)
 b - a +3 sling
 e - a +0 dagger
 g - a +0 mace
 m - a +0 trident of protection
 p - a +3 vampiric whip
 s - a +0 spear
Missiles
 h - 42 stones (quivered)
 i - 2 poisoned darts
 j - an atropa-tipped dart
Armour
 f - a +1 robe
 w - the +3 leather armour of Life (worn) {rPois Dex+3 SInv}
   (You found it on level 3 of the Dungeon)

   Dex:       It affects your dexterity (+3).
   rPois:     It protects you from poison.
   SInv:      It lets you see invisible.
Magical Staves
 n - a staff of conjuration
Jewellery
 u - a +4 ring of protection (left hand)
 z - a ring of fire
Wands
 x - a wand of flame (30)
Scrolls
 d - a scroll of butterflies
 y - 2 scrolls of teleportation
Potions
 l - a potion of curing
 o - a potion of might
 q - 2 potions of resistance {unknown}
 r - 2 potions of flight {unknown}
 t - a potion of haste {unknown}
 v - a potion of cancellation {unknown}


   Skills:
 + Level 0.3 Fighting
 + Level 0.1 Short Blades
 + Level 2.1 Ranged Weapons
 + Level 1.1 Armour
 + Level 0.7 Dodging
 + Level 5.7 Stealth
 + Level 2.2 Spellcasting
 + Level 2.7 Ice Magic
 * Level 2.6 Evocations


You had 6 spell levels left.
You knew the following spells:

 Your Spells              Type           Power      Damage    Failure   Level
a - Freeze                Ice            44%        1d6       8%          1

Your spell library contained the following spells:

 Spells                   Type           Power      Damage    Failure   Level
 Ensorcelled Hibernation  Hex/Ice        12%        N/A       21%         2
 Frozen Ramparts          Ice            22%        1d4       24%         3
 Spider Form              Tmut/Pois      2%         N/A       58%         3
 Anguish                  Hex/Necr       1%         N/A       94%         4


Dungeon Overview and Level Annotations

Branches:
Dungeon (4/15)
 Temple: D:4-7

Altars:
Ashenzari
Fedhas
Qazlal

Shops:
D:1 (

Annotations:
D:4 Grinder


Message History

Okay, then.
a - a +3 falchion (weapon)
Grinder hits you but does no damage.
You hit Grinder.
Grinder is moderately wounded.
Grinder misses you.
You closely miss Grinder.
Grinder is moderately wounded.
Grinder hits you!
* * * LOW HITPOINT WARNING * * *
You writhe in agony.
* * * LOW HITPOINT WARNING * * *
Grinder barely misses you.
You feel much better. Grinder hits you but does no damage.
Grinder barely misses you.
You slash Grinder!
Grinder is heavily wounded.
Grinder hits you but does no damage. x2
You slash Grinder!
Grinder is almost dead.
Grinder hits you. Grinder hits you!
Ouch! That really hurt!
You writhe in agony.
* * * LOW HITPOINT WARNING * * *
Casting: Freeze (safe; 8% risk of failure)
Confirm with . or Enter, or press ? or * to list all spells.
Aiming: Freeze (safe; 8% risk of failure)
Press: ? - help, Shift-Dir - straight line, f/p - Grinder
Aim: Grinder (almost dead, fast, strong, frenzied and insane)
You freeze Grinder.
Grinder resists.
Grinder is almost dead.
Grinder closely misses you.
Casting: Freeze (safe; 8% risk of failure)
Confirm with . or Enter, or press ? or * to list all spells.
Aiming: Freeze (safe; 8% risk of failure)
Press: ? - help, Shift-Dir - straight line, f/p - Grinder
Aim: Grinder (almost dead, fast, strong, frenzied and insane)
You freeze Grinder but do no damage.
Grinder completely resists.
Grinder hits you.
You die...

#...##...........†.....#
#...###.^...##########.#
#...# #^≈.≈^# #.# #...#
#≈#_≈^# #.#
#...#####≈≈.# #.#
#...'†..§..## #.#
#...###.##.# #.# ##.##
#.##.# #.# .... #+##@#
#.# ...........5.....#
#.# .....>.............#
#.# ...................#
#.# #####+#.....[......#
#.# #............# #.#
####+##+###### #.# #.#
#.#


You could see the neutral Grinder (fast, strong, insane).

Vanquished Creatures
  An adder (D:2)
  3 dart slugs
  3 orcs (D:2)
  7 bats
  3 endoplasms (D:1)
  5 giant cockroaches
  7 hobgoblins
  3 quokkas
  7 ball pythons
  6 frilled lizards
  2 goblins (D:1)
  8 kobolds
  10 rats
65 creatures vanquished.

Notes
Turn   | Place    | Note
-------+----------+-------------------------------------------
     0 | D:1      | promet the Deep Elf Wanderer began the quest for the Orb.
     0 | D:1      | promet set off with the following items: a +0 dagger, an
                  | atropa-tipped dart, a datura-tipped dart, a scroll of
                  | butterflies, a potion of lignification, a +0 robe; and the
                  | following spell memorised: Freeze; and the following spells
                  | available to memorise: Frozen Ramparts.
     0 | D:1      | Reached XP level 1. HP: 10/10 MP: 5/5
    81 | D:1      | Reached skill level 5 in Stealth
   665 | D:1      | Reached XP level 2. HP: 7/15 MP: 6/6
  1494 | D:1      | Found Hidenura's Antique Weapon Shop.
  2055 | D:1      | Found a faded altar of an unknown god.
  2253 | D:1      | Reached XP level 3. HP: 19/19 MP: 7/7
  2550 | D:1      | Reached skill level 1 in Ranged Weapons
  3169 | D:2      | Reached XP level 4. HP: 23/24 MP: 9/9
  3963 | D:3      | Identified the +3 leather armour of Life {rPois Dex+3 SInv}
  4227 | D:3      | Found a broken altar of Ashenzari.
  4242 | D:3      | Became a worshipper of Ashenzari the Shackled
  4712 | D:4      | Found a stormy altar of Qazlal.
  4712 | D:4      | Found a blossoming altar of Fedhas.
  4744 | D:4      | Noticed Grinder
  4770 | D:4      | Slain by Grinder

Illustrated notes

Levels and vault maps discovered:
D:1:      dpeg_arrival_ratfight, layout_basic, serial_shops,
          nicolae_shop_overgrown_old_shop,
          shapermc_ecumenical_altar_mp_vishouse, grunt_decor_junction,
          minmay_3d_cube
D:2:      layout_loops_ring, minmay_crystal_water
D:3:      layout_basic, cheibrodos_ashenzari_chains
D:4:      layout_basic, grunt_temple_overflow_forces_of_nature,
          dk_rats_in_the_wall, uniq_grinder, uniq_edmund

Skill      XL: |  1  2  3  4 |
---------------+-------------+-----
Stealth        | 5 |  5.7
Ranged Weapons | 1 2 |  2.1
Spellcasting   | 2 |  2.2
Fighting       | |  0.3
Short Blades   | |  0.1
Armour         | |  1.1
Dodging        | |  0.7
Ice Magic      | |  2.7
Evocations     | |  2.6

Action                   |  1- 3 |  4- 6 || total
-------------------------+-------+-------++-------
Melee: Mace              |    23 |       ||    23
       Dagger            |    13 |     1 ||    14
       Whip              |     5 |     4 ||     9
       Falchion          |       |     4 ||     4
 Fire: Sling             |    65 |    28 ||    93
Throw: Dart              |     2 |     1 ||     3
       Stone             |     3 |     2 ||     5
 Cast: Freeze            |    20 |    13 ||    33
  Use: Potion            |     1 |     5 ||     6
       Scroll            |     6 |     1 ||     7
 Stab: Sleeping          |     4 |     1 ||     5
Armor: Skin              |     9 |       ||     9
       Robe              |    26 |     1 ||    27
       Leather armour    |       |     6 ||     6
Dodge: Dodged            |    42 |    15 ||    57
